 Dungeon Crawl Stone Soup version 0.26-a0-651-gb41185065b (webtiles) character file.

Game seed: 11424342380549545871

478 kae the Ruffian (level 6, -9/47 HPs)
             Began as a Draconian Transmuter on Oct 13, 2020.
             Was a Priest of Uskayaw.
             Killed by divine providence
             ... invoked by an orc priest
              (14 damage)
             ... on level 4 of the Dungeon.
             The game lasted 00:05:05 (4774 turns).

kae the Ruffian (Draconian Transmuter)              Turns: 4774, Time: 00:05:06

Health: -9/47      AC:  7    Str: 14    XL:     6   Next: 86%
Magic:  2/9        EV: 11    Int: 13    God:    Uskayaw [***...]
Gold:   116        SH:  3    Dex: 12    Spells: 3/9 levels left

rFire    + . .     SeeInvis .     - Unarmed
rCold    . . .     Faith    .   o - +0 buckler (curse)
rNeg     . . .     Spirit   .   (armour unavailable)
rPois    .         Reflect  .   (helmet restricted)
rElec    .         Harm     .   (no cloak)
rCorr    .         Rampage  .   (no gloves)
MR       .....                  a - +0 pair of boots
Stlth    +.........             (no amulet)
HPRegen  0.15/turn              i - ring of protection from fire
MPRegen  0.11/turn              (no ring)

@: very slightly contaminated, slowed, very slow
A: unfitting armour, cold-blooded, AC +6
a: Stomp, Line Pass, Renounce Religion


You were on level 4 of the Dungeon.
You worshipped Uskayaw.
Uskayaw was noncommittal.
You visited 1 branch of the dungeon, and saw 4 of its levels.

You collected 116 gold pieces.

Inventory:

Armour
 a - a +0 pair of boots (worn)
 o - a cursed +0 buckler (worn)
Jewellery
 b - an uncursed ring of positive energy
 i - a ring of protection from fire (left hand)
Scrolls
 c - 4 scrolls of teleportation
 f - 3 scrolls of remove curse
 g - a scroll of immolation
 k - 3 scrolls of fear
 l - a scroll of identify
Potions
 d - 3 potions of lignification
 e - a potion of flight
 h - a potion of curing
 j - a potion of heal wounds {unknown}
 m - a potion of invisibility {unknown}
 n - a potion of stabbing {unknown}


   Skills:
 - Level 1.1 Fighting
 - Level 1.7 Dodging
 * Level 6.6 Unarmed Combat
 - Level 2.0 Spellcasting
 + Level 4.5 Transmutations


You had 3 spell levels left.
You knew the following spells:

 Your Spells              Type           Power        Failure   Level
a - Beastly Appendage     Tmut           ##....       7%          1
b - Wereblood             Tmut           ##......     10%         2
c - Spider Form           Tmut/Pois      #.........   45%         3

Your spell library contained the following spells:

 Spells                   Type           Power        Failure   Level
 Ice Form                 Ice/Tmut       #.......     86%         4
 Blade Hands              Tmut           ##........   88%         5


Dungeon Overview and Level Annotations

Branches:
Dungeon (4/15)
 Temple: D:4-7

Altars:
Cheibriados
Makhleb
Okawaru
Ru
Uskayaw
The Shining One

Annotations:
D:4 exclusion: ogre


Innate Abilities, Weirdness & Mutations

Your plain brown scales are hard. (AC +6)
You cannot fit into any form of body armour.
You are cold-blooded and may be slowed by cold attacks.


Message History

You feel better.
The orc priest is no longer paralysed.
The orc wizard is no longer paralysed.
The orc priest is no longer paralysed.
The orc priest hits you with a +0 war axe!
* * * LOW HITPOINT WARNING * * *
The orc priest hits you but does no damage.
The orc priest hits you with a +0 short sword.
* * * LOW HITPOINT WARNING * * *
The orc priest closely misses you.
You feel better. The orc priest closely misses you.
The orc priest hits you with a +0 war axe.
* * * LOW HITPOINT WARNING * * *
The orc wizard gestures wildly while chanting.
The orc wizard seems to speed up.
You feel better.
The orc priest invokes the aid of Beogh against you.
Beogh smites you!
* * * LOW HITPOINT WARNING * * *
The orc priest invokes the aid of Beogh against you.
Beogh smites you!
You die...

...#..#. ..#...# #.....
.##...# ##..###†#...#
#.........# #.......#...#
###.......#.### # ##o
##...o....##.# #
#..o#.)#......##.# #
#.....#@o....[##.# ####
##.....o.........## #...
.?.................# #...
##.......#.........# #...
...................# #...
...................###..<
.........................
....................#...
....................#...


You could see 2 orc priests and an orc wizard (fast).

Vanquished Creatures
  3 scorpions
  An orc priest (D:4)
  A centaur skeleton (D:4)
  2 orc wizards (D:4)
  4 gnolls
  6 adders
  2 oozes
  2 worms (D:3)
  A dart slug (D:1)
  5 leopard geckos
  16 orcs
  2 giant cockroaches
  9 goblins
  5 hobgoblins
  6 jackals
  11 kobolds
  2 quokkas
  A ball python (D:2)
  9 bats
  8 frilled lizards
  A jackal skeleton (D:4)
  6 rats
103 creatures vanquished.

Notes
Turn   | Place    | Note
-------+----------+-------------------------------------------
     0 | D:1      | kae the Draconian Transmuter began the quest for the Orb.
     0 | D:1      | Reached XP level 1. HP: 16/16 MP: 3/3
   154 | D:1      | Reached XP level 2. HP: 10/23 MP: 5/5
   835 | D:1      | Reached XP level 3. HP: 27/28 MP: 4/6
  1124 | D:1      | Learned a level 2 spell: Wereblood
  1128 | D:1      | Learned a level 3 spell: Spider Form
  1218 | D:2      | Reached skill level 4 in Unarmed Combat
  1664 | D:1      | Reached XP level 4. HP: 3/35 MP: 0/7
  2601 | D:2      | Reached skill level 5 in Unarmed Combat
  2605 | D:2      | Found a snail-covered altar of Cheibriados.
  2818 | D:3      | Reached XP level 5. HP: 40/40 MP: 5/8
  4258 | D:4      | Found a hide-covered altar of Uskayaw.
  4265 | D:4      | Reached XP level 6. HP: 45/47 MP: 7/9
  4272 | D:4      | Found an iron altar of Okawaru.
  4272 | D:4      | Found a sacrificial altar of Ru.
  4285 | D:3      | Reached skill level 6 in Unarmed Combat
  4416 | D:4      | Found a burning altar of Makhleb.
  4416 | D:4      | Found a glowing golden altar of the Shining One.
  4419 | D:4      | Became a worshipper of Uskayaw the Reveler
  4462 | D:4      | Reached * piety under Uskayaw
  4466 | D:4      | Reached ** piety under Uskayaw
  4771 | D:4      | Reached *** piety under Uskayaw
  4774 | D:4      | Killed from afar by an orc priest

Illustrated notes

Levels and vault maps discovered:
D:1:      dpeg_arrival_pits, layout_loops_ring
D:2:      layout_rooms, marbit_many_paths
D:3:      layout_loops_corners
D:4:      layout_rooms, vehumet_altar_wand_db, grunt_temple_overflow_open,
          minmay_shop_damaged

Skill      XL: |  1  2  3  4  5  6 |
---------------+-------------------+-----
Unarmed Combat | 4 5 6 |  6.6
Transmutations | 3 4 |  4.5
Fighting       | |  1.1
Dodging        | |  1.7
Spellcasting   | |  2.0

Action                   |  1- 3 |  4- 6 || total
-------------------------+-------+-------++-------
Melee: Unarmed           |   104 |   201 ||   305
       Tailslap          |    11 |    15 ||    26
       Headbutt          |     8 |    13 ||    21
       Kick              |    18 |    16 ||    34
       Punch             |       |     4 ||     4
 Cast: Beastly Appendage |    19 |    22 ||    41
       Spider Form       |     2 |     5 ||     7
  Use: Scroll            |     6 |     3 ||     9
       Potion            |     1 |     4 ||     5
 Stab: Distracted        |       |     2 ||     2
Armor: Skin              |    41 |    51 ||    92
Dodge: Dodged            |    90 |   123 ||   213
Block: Buckler           |       |     6 ||     6

Table legend: (Time is in decaauts)
 A = Elapsed time spent in this place.
 B = Non-inter-level travel time spent in this place.
 C = Inter-level travel time spent in this place.
 D = Time resting spent in this place.
 E = Time spent auto-exploring this place.
 F = Levels seen in this place.
 G = Mean time per level.
                   A        B        C        D        E       F      G
               +--------+--------+--------+--------+--------+-----+--------+
         Total |   4758 |   4652 |    106 |     60 |   3654 |   4 | 1189.5 |
       Dungeon |   4758 |   4652 |    106 |     60 |   3654 |   4 | 1189.5 |
               +--------+--------+--------+--------+--------+-----+--------+

Top non-repeatable levels by time:
     D:1: 2015 daAuts
     D:3: 1573 daAuts
     D:2: 785 daAuts
     D:4: 383 daAuts
